 Dungeon Crawl Stone Soup version 0.30-a0-989-g0d87f670db (webtiles) character file.

Game seed: 12163927373788278222

308 avis the Insei (level 5, -8/45 HPs)
             Began as a Demigod Transmuter on Apr 2, 2023.
             Mangled by a sleepcap (16 damage)
             ... on level 4 of the Dungeon.
             The game lasted 00:16:46 (3636 turns).

avis the Insei (Demigod Transmuter)                 Turns: 3636, Time: 00:16:46

Health: -8/45      AC:  2    Str: 11    XL:     5   Next: 94%
Magic:  17/21      EV:  5    Int: 15    God:
Gold:   200        SH:  0    Dex: 23    Spells: 3/9 levels left

rFire   . . .      SeeInvis .      - Unarmed
rCold   . . .      Faith    .    (shield currently unavailable)
rNeg    . . .      Spirit   .    a - melded +0 robe
rPois   x          Reflect  .    (helmet currently unavailable)
rElec   .          Rampage  .    (cloak currently unavailable)
rCorr   .                        r - melded +2 pair of gloves
Will    .....                    (boots currently unavailable)
Stlth   ++                       (no amulet)
HPRegen 0.27/turn                l - ring of magical power
MPRegen 0.17/turn                q - ring of flight

@: lethally poisoned (-8 -> -14), spider-form (expiring), sleeping, flying
A: venomous fangs, tiny, high MP 1, forlorn, divine attributes
a: End Transformation


You were on level 4 of the Dungeon.
You were a venomous arachnid creature.
You visited 1 branch of the dungeon, and saw 4 of its levels.

You collected 200 gold pieces.

Inventory:

Hand Weapons
 b - a +0 sling
Missiles
 p - 6 javelins
Armour
 a - a +0 robe (melded)
 r - a +2 pair of gloves (melded)
Jewellery
 l - a ring of magical power (left front pincers)
 q - a ring of flight (right front pincers)
 t - a ring of flight
Scrolls
 g - 2 scrolls of fear {unknown}
 i - 2 scrolls of summoning {unknown}
 k - 2 scrolls of identify {unknown}
 m - a scroll of blinking {unknown}
 n - 3 scrolls of teleportation {unknown}
 o - 2 scrolls of enchant armour {unknown}
 s - a scroll of enchant weapon {unknown}
Potions
 c - 3 potions of curing
 d - 2 potions of degeneration {unknown}
 e - a potion of invisibility {unknown}
 f - a potion of haste {unknown}
 h - 2 potions of lignification
 j - 3 potions of resistance {unknown}


   Skills:
 - Level 3.0 Fighting
 - Level 3.0 Dodging
 - Level 1.0 Stealth
 - Level 3.0 Unarmed Combat
 * Level 2.9 Spellcasting
 - Level 3.0 Transmutations
 - Level 1.0 Poison Magic


You had 3 spell levels left.
You knew the following spells:

 Your Spells              Type           Power      Damage    Failure   Level
a - Beastly Appendage     Tmut           22%        N/A       17%         1
e - Wereblood             Tmut           11%        N/A       22%         2
p - Spider Form           Tmut/Pois      8%         N/A       47%         3

Your spell library contained the following spells:

 Spells                   Type           Power      Damage    Failure   Level
 Sublimation of Blood     Necr           2%         N/A       52%         2
 Ice Form                 Ice/Tmut       6%         N/A       88%         4
 Summon Hydra             Summ           1%         N/A       100%        7


Dungeon Overview and Level Annotations

Branches:
Dungeon (4/15)
 Temple: D:4-7

Shops:
D:4 [


Innate Abilities, Weirdness & Mutations

You are a venomous arachnid creature.
You have venomous fangs.
You are tiny and dextrous.
Your spellcasting is less reliable in this form.
Your armour is entirely melded.
You are incapable of wielding weapons or throwing items.
You have an increased reservoir of magic. (+10% MP)
You shall have no god before yourself.
Your divine heritage dramatically boosts your attributes as you level up.


Message History

You kill the goblin!
The hound closely misses you.
The kobold falls through a shaft!
The shaft crumbles and collapses.
A sleepcap comes into view.
You hit the hound.
The hound is poisoned.
The hound is moderately wounded.
The hound barely misses you. The hound completely misses you.
You hit the scorpion.
The scorpion is poisoned.
The scorpion is moderately wounded.
The hound completely misses you. The scorpion stings you.
You barely miss the scorpion.
The scorpion is heavily wounded.
The hound misses you. The scorpion stings you.
You are poisoned.
The scorpion poisons you! The hound closely misses you.
You barely miss the scorpion.
The scorpion is severely wounded.
You feel very sick.
You kill the scorpion!
The hound misses you.
You closely miss the hound.
The hound is severely wounded.
You feel very sick. The hound closely misses you.
You hit the hound.
The hound looks as sick as possible!
The hound is severely wounded.
You feel very sick. The hound misses you. The hound bites you.
You hit the hound but do no damage.
The hound looks as sick as possible!
The hound is almost dead.
Your transformation is almost over.
You feel sick.
You kill the hound!
You hit the sleepcap but do no damage.
You feel sick. The sleepcap releases spores at you.
* * * LOW HITPOINT WARNING * * *
You are engulfed in a cloud of soporific spores!
You fall asleep.
You feel sick. The sleepcap releases spores at you!
You die...

#........... ....
#......#......##... ....
#.............#.##.
..... .........#........
#....##..............)..
...........#...........
................#.##..
#f.....##...#.>###.
#.s............##..
......†##...#......#....
...#... ##.##...........
. ######.##............
#.................
###...............
###.......#.....
#.##...##...#.
###########.##


You could see a sleepcap.

Vanquished Creatures
  An ogre (D:4)
  A scorpion (D:4)
  A hound (D:4)
  Natasha (D:3)
  5 adders
  A worm (D:2)
  2 dart slugs (D:1)
  2 orcs
  3 endoplasms
  4 giant cockroaches
  8 goblins
  7 hobgoblins
  2 jackals (D:3)
  7 kobolds
  4 quokkas
  3 ball pythons
  5 bats
  2 frilled lizards
  6 rats
65 creatures vanquished.

Notes
Turn   | Place    | Note
-------+----------+-------------------------------------------
     0 | D:1      | avis the Demigod Transmuter began the quest for the Orb.
     0 | D:1      | Reached XP level 1. HP: 15/15 MP: 5/5
    43 | D:1      | Reached skill level 1 in Fighting
   313 | D:1      | Reached XP level 2. HP: 24/24 MP: 4/7
  1178 | D:2      | Reached skill level 1 in Stealth
  1178 | D:2      | Reached XP level 3. HP: 28/29 MP: 8/8
  1182 | D:2      | Learned a level 3 spell: Spider Form
  1243 | D:2      | Learned a level 2 spell: Wereblood
  1804 | D:2      | Reached skill level 1 in Poison Magic
  2512 | D:3      | Noticed Natasha
  2515 | D:3      | Reached XP level 4. HP: 36/36 MP: 9/9
  2537 | D:3      | Killed Natasha
  3301 | D:4      | Found Purarait's Armour Boutique.
  3444 | D:4      | Noticed an ogre
  3456 | D:4      | Killed an ogre
  3457 | D:4      | Reached XP level 5. HP: 11/45 MP: 10/10
  3636 | D:4      | Mangled by a sleepcap

Illustrated notes

Levels and vault maps discovered:
D:1:      dpeg_arrival_tiny_a, layout_basic
D:2:      layout_loops_corners, grunt_ministairs_14
D:3:      layout_rooms, minivault_24, minmay_quantized, uniq_natasha
D:4:      layout_cave_pools, serial_shops, kennysheep_mini_moat

Skill      XL: |  1  2  3  4 |
---------------+-------------+-----
Fighting       | 2 3 |  3.0
Unarmed Combat | 3 |  3.0
Dodging        | 2 3 |  3.0
Stealth        | 1 |  1.0
Spellcasting   | 2 |  2.9
Transmutations | 2 3 |  3.0
Poison Magic   | 1 |  1.0

Action                     |  1- 3 |  4- 6 || total
---------------------------+-------+-------++-------
  Melee: Unarmed           |    89 |    55 ||   144
         Kick              |    17 |     5 ||    22
         Headbutt          |     8 |     3 ||    11
   Fire: Sling             |    23 |    18 ||    41
   Cast: Beastly Appendage |    31 |     2 ||    33
         Spider Form       |     3 |     8 ||    11
    Use: Potion            |       |     1 ||     1
   Stab: Sleeping          |     2 |     1 ||     3
         Distracted        |     1 |       ||     1
 Armour: Robe              |    17 |     5 ||    22
         Skin              |     3 |     1 ||     4
  Dodge: Dodged            |    38 |    41 ||    79

Table legend: (Time is in decaauts)
 A = Elapsed time spent in this place.
 B = Non-inter-level travel time spent in this place.
 C = Inter-level travel time spent in this place.
 D = Time resting spent in this place.
 E = Time spent auto-exploring this place.
 F = Levels seen in this place.
 G = Mean time per level.
                   A        B        C        D        E       F      G
               +--------+--------+--------+--------+--------+-----+--------+
         Total |   3636 |   3155 |    481 |    572 |   1804 |   4 |  909.0 |
       Dungeon |   3636 |   3155 |    481 |    572 |   1804 |   4 |  909.0 |
               +--------+--------+--------+--------+--------+-----+--------+

Top non-repeatable levels by time:
     D:2: 1154 daAuts
     D:1: 1129 daAuts
     D:3: 1031 daAuts
     D:4: 321 daAuts
